 Dungeon Crawl Stone Soup version 0.22-a0-247-gbddf880 (webtiles) character file.

46 Amnesiac the Charlatan (level 3, 0/20 HPs)
             Began as a Deep Elf Artificer on Feb 25, 2018.
             Slain by an adder (4 damage)
             ... on level 2 of the Dungeon.
             The game lasted 00:00:38 (193 turns).

Amnesiac the Charlatan (Deep Elf Artificer)          Turns: 193, Time: 00:00:39

Health: 0/20       AC:  3    Str: 10    XL:     3   Next: 44%
Magic:  8/8        EV: 12    Int: 15    God:
Gold:   0          SH:  0    Dex: 15    Spells: 2/2 levels left

rFire    . . .     SeeInvis .   a - +0 short sword
rCold    . . .     Gourm    .   (no shield)
rNeg     . . .     Faith    .   b - +0 leather armour
rPois    .         Spirit   .   (no helmet)
rElec    .         Reflect  .   (no cloak)
rCorr    .         Harm     .   (no gloves)
MR       .....                  (no boots)
Stlth    ++........             (no amulet)
HPRegen  0.06/turn              g - ring of flight
MPRegen  0.11/turn              (no ring)

@: no status effects
A: no striking features
a: Evoke Flight


You were on level 2 of the Dungeon.
You were not hungry.

You visited 1 branch of the dungeon, and saw 2 of its levels.

Inventory:

Hand Weapons
 a - a +0 short sword (weapon)
Armour
 b - a +0 leather armour (worn)
Jewellery
 g - a ring of flight (left hand)
Wands
 c - a wand of flame (7)
 d - a wand of enslavement (15)
 e - a wand of random effects (15)
Comestibles
 f - a ration


   Skills:
 - Level 0.7 Fighting
 - Level 1.0 Short Blades
 - Level 2.4 Dodging
 - Level 1.2 Stealth
 + Level 5.0 Evocations


You had 2 spell levels left.
You didn't know any spells.

Dungeon Overview and Level Annotations

Branches:
Dungeon (2/15)

Altars:
Ru


Message History

The puff of flame misses the orc wizard.
The puff of flame hits the worm.
The worm is heavily wounded.
The orc wizard hits you but does no damage.
Evoke which item? (* to show all) (? for menu, Esc to quit)
Aiming: Throw Flame
Press: ? - help, Shift-Dir - straight line, f/p - orc wizard
Aim: an orc wizard, wielding a dagger and wearing a robe (lightly wounded, mute)
The puff of flame hits the orc wizard.
The orc wizard is heavily wounded.
The orc wizard hits you with a dagger.
* * * LOW HITPOINT WARNING * * *
Evoke which item? (* to show all) (? for menu, Esc to quit)
Aiming: Throw Flame
Press: ? - help, Shift-Dir - straight line, f/p - orc wizard
Aim: an orc wizard, wielding a dagger and wearing a robe (heavily wounded, mute)
The puff of flame hits the orc wizard.
The orc wizard is severely wounded.
The orc wizard closely misses you.
Evoke which item? (* to show all) (? for menu, Esc to quit)
Aiming: Throw Flame
Press: ? - help, Shift-Dir - straight line, f/p - orc wizard
Aim: an orc wizard, wielding a dagger and wearing a robe (severely wounded, mute)
The puff of flame misses the orc wizard.
The puff of flame hits the worm.
You kill the worm!
The orc wizard barely misses you.
Evoke which item? (* to show all) (? for menu, Esc to quit)
Aiming: Throw Flame
Press: ? - help, Shift-Dir - straight line, f/p - orc wizard
Aim: an orc wizard, wielding a dagger and wearing a robe (severely wounded, mute)
The puff of flame hits the orc wizard.
You kill the orc wizard!
Your Evocations skill increases to level 5!
You have reached level 3!
Your experience leads to an increase in your attributes!
Increase (S)trength, (I)ntelligence, or (D)exterity?
You feel stronger.
Things that are here:
a dagger; a robe There isn't anything to butcher here.
You start resting.
A leopard gecko comes into view.
The leopard gecko hisses angrily.
There is an open door here.
You close the door.
An adder and a goblin come into view.
The adder hisses angrily.
The goblin shouts!
The frilled lizard hisses angrily.
The adder misses you. The adder barely misses you.
There is a sacrificial altar of Ru here.
The frilled lizard bites you.
* * * LOW HITPOINT WARNING * * *
You hit the frilled lizard.
You kill the frilled lizard!
The adder misses you. The goblin barely misses you.
Press: ? - help, v - describe, . - travel
Here: a goblin, wielding an enchanted dagger (slow)
The floor.
Unknown command.
The adder bites you.
* * * LOW HITPOINT WARNING * * *
You open the door. The adder closely misses you. The adder bites you.
You die...

#. #. #. #. #.
#.#### #....#
.......##
#.@#######+........
#.#S..#...#........
#.#g.†#...#........
###.......##.......
###._.####.......
#.......#.....l..
#...#...#........
#...#...#....##..
+#######+....##..


You could see an adder and a goblin.

Vanquished Creatures
  An orc wizard (D:2)
  An adder (D:2)
  A worm (D:2)
  A goblin (D:1)
  A quokka (D:2)
  A frilled lizard (D:2)
  2 rats (D:2)
8 creatures vanquished.

Notes
Turn   | Place    | Note
-------+----------+-------------------------------------------
     0 | D:1      | Amnesiac the Deep Elf Artificer began the quest for the Orb.
     0 | D:1      | Reached XP level 1. HP: 11/11 MP: 5/5
   132 | D:2      | Reached skill level 4 in Evocations
   132 | D:2      | Reached XP level 2. HP: 10/16 MP: 7/7
   143 | D:2      | Found a sacrificial altar of Ru.
   156 | D:2      | Reached skill level 5 in Evocations
   156 | D:2      | Reached XP level 3. HP: 7/20 MP: 8/8
   193 | D:2      | Slain by an adder

Vault maps used:
D:1:      elethiomel_arrival_shortcut
D:2:      minmay_diamond_boxcup, lemuel_round_altar, st_stairs_3,
          minmay_misc_feat_x, minmay_misc_feat_roman,
          nicolae_ru_great_annihilating_truth

Skill      XL: |  1  2 |
---------------+-------+-----
Evocations     | 4 5 |  5.0
Fighting       | |  0.7
Short Blades   | |  1.0
Dodging        | |  2.4
Stealth        | |  1.2

Action                   || total
-------------------------++-------
Melee: Short sword       ||     8
Evoke: Wand              ||     8
 Stab: Sleeping          ||     2
Armor: Leather armour    ||     2
Dodge: Dodged            ||     8

Table legend:
 A = Spawn XP
 B = Non-spawn XP
 C = Spawn XP percentage of total XP
 D = Spawn monster count
 E = Non-spawn monster count
 F = Spawn count percentage of total count
 G = Total turns spent on level
                    A         B        C        D         E        F      G
               +---------+---------+-------+---------+---------+-------+---------
         Total |       0 |      66 |   0.0 |       0 |       8 |   0.0 |   193
               +---------+---------+-------+---------+---------+-------+---------
           D:1 |       0 |       2 |   0.0 |       0 |       1 |   0.0 |    54
           D:2 |       0 |      64 |   0.0 |       0 |       7 |   0.0 |   139
               +---------+---------+-------+---------+---------+-------+---------
